Unix NetHack Version 5.0.0-0 post-release - last build May  4 2026 22:22:43 (774f63e81ad911689b3a0859ea89b322d5daca8d,branch:main).

Game began 2026-05-10 00:28:46, ended 2026-05-10 01:02:35.

BeardyHaddock, lawful male dwarven Archeologist

              -----
              |...|
              |>..-##
              |...| #       --------
              |...+##       |.......###################
              ---.-##       |......|                  ####   -----------
                 #  #       |......|      -----------    #   |.........|
 --------      ###  ##      |{...^.|  #(##-.?.....?)|     ###|*........|
 |......|      #     #      ----.---  #   |!.%*.)!=)|       e|........`|
 |......|      #     #          #    ##   |..%!)!).?|       rf...[.....|
 |.......##    #     #          ##   #    -----------        |.........|
 |.>....| #    #     #          ##   #                       ---.-------
 |......| #  --.--   #           #   #
 -------- ###....|   ########### #   #
             |...|      #------.-.---#
             |.<.|      #|....%.....|#
             |...|       |..........|#
             -----       +...........#
                         ------------

BeardyHaddock the Wererat  St:13 Dx:11 Co:15 In:16 Wi:16 Ch:11  Lawful
Dlvl:3  $:662 HP:0(12) Pw:18(18) AC:6  HD:2 T:4885  Starved  Overloaded Deaf

Latest messages:
 You collapse under your load.
 You collapse under your load.
 You faint from lack of food.
 You regain consciousness.
 You collapse under your load.
 You faint from lack of food.
 You regain consciousness.
 You collapse under your load.
 You collapse under your load.
 You hear some noises in the distance.
 You collapse under your load.
 You faint from lack of food.
 You regain consciousness.
 You collapse under your load.
 You hear some noises in the distance.
 You collapse under your load.
 You faint from lack of food.
 You regain consciousness.
 You collapse under your load.
 You can hear again.
 You collapse under your load.
 You collapse under your load.
 You collapse under your load.
 You collapse under your load.
 You collapse under your load.
 You hear some noises in the distance.
 You faint from lack of food.
 You regain consciousness.
 You collapse under your load.
 You collapse under your load.
 You hear some noises in the distance.
 You collapse under your load.
 You faint from lack of food.
 You regain consciousness.
 You collapse under your load.
 You collapse under your load.
 You hear some noises in the distance.
 You faint from lack of food.
 You regain consciousness.
 You collapse under your load.
 You hear some noises in the distance.
 You collapse under your load.
 You collapse under your load.
 You faint from lack of food.
 You die from starvation.
 Do you want your possessions identified? [ynq] (y) n
 Do you want to see your attributes? [ynq] (y) n
 Do you want an account of creatures vanquished? [ynaq] (y) n
 Do you want to see your conduct and achievements? [ynq] (y) n
 Do you want to see the dungeon overview? [ynq] (y) n

Inventory:
 Coins    ('$')
  $ - 662 gold pieces
 Weapons  (')')
  o - a +0 boomerang
  A - a +0 boomerang
  a - a +2 bullwhip (alternate weapon; not wielded)
 Comestibles  ('%')
  d - 4 uncursed food rations
  y - 3 uncursed food rations
  H - an uncursed food ration
 Scrolls  ('?')
  E - an uncursed scroll of light
 Rings    ('=')
  q - a cursed ring of hunger
  r - an uncursed ring of levitation
  k - a cursed ring of see invisible
 Wands    ('/')
  s - a wand of digging (0:7)
  J - a wand of locking (0:7)
  I - a wand of teleportation (0:4)
 Tools    ('(')
  h - an empty uncursed sack
  f - a tinning kit (0:53)
 Gems/Stones  ('*')
  g - an uncursed touchstone

BeardyHaddock the Archeologist's attributes:

Background:
 You were in male wererat form.
 You were actually a Field Worker, a level 4 male dwarven Archeologist.
 You were lawful, on a mission for Quetzalcoatl
 who was opposed by Camaxtli (neutral) and Huhetotl (chaotic).
 You were normally right-handed.
 You were in the Dungeons of Doom, on level 3.
 You entered the dungeon 4885 turns ago.
 It was nighttime.

Basics:
 You had 0 out of 12 hit points.
 You had all 18 energy points (spell power).
 You had 2 hit dice.
 Your armor class was 6.
 Your wallet contained 662 zorkmids.
 Autopickup was off.

Final Characteristics:
 Your strength was 13.
 Your dexterity was 11.
 Your constitution was 15.
 Your intelligence was 16.
 Your wisdom was 16.
 Your charisma was 11.

Final Status:
 You were transformed.
 You were deaf.
 You were starved.
 You were overloaded; movement was not possible.
 You weren't wielding anything.
 You were unskilled in bare handed combat.
 You weren't wearing any armor.

Final Attributes:
 You were piously aligned.
 You were poison resistant.
 You were level-drain resistant.
 You had automatic searching.
 You regenerated.
 You were a wererat in beast form.
 You were harmed by silver.
 Quetzalcoatl was angry with you.
 You are dead.

Miscellaneous:
 You didn't encounter any bones levels.
 Total elapsed playing time was 33 minutes and 49 seconds.

Major events:
 Turn
    1: BeardyHaddock the lawful male dwarven Archeologist entered the dungeon
 1090: attained the rank of Field Worker (level 3)
 4885: died of starvation, while fainted

Spells:
 Name                 Level Category     Fail Retention
 sleep                  3   enchantment  100%  76%-100%

Skills:
 Fighting Skills
   bare handed combat [Unskilled]
   two weapon combat  [Unskilled]
   riding             [Unskilled]
 Weapon Skills
   dagger             [Unskilled]
   knife              [Unskilled]
   pick-axe           [Basic]
   short sword        [Unskilled]
   saber              [Unskilled]
   club               [Unskilled]
   quarterstaff       [Unskilled]
   sling              [Unskilled]
   dart               [Unskilled]
   boomerang          [Unskilled]
   whip               [Basic]
   unicorn horn       [Unskilled]
 Spellcasting Skills
   attack spells      [Unskilled]
   healing spells     [Unskilled]
   divination spells  [Unskilled]
   matter spells      [Unskilled]

Voluntary challenges:
 Character rerolling was not enabled.
 You never genocided any monsters.
 You never polymorphed an object.
 You used no wishes.
Achievements:
 You attained the rank of Field Worker.
 You entered a shop.

 The Dungeons of Doom: levels 1 to 3
    Level 1:
    Level 2:
       A general store, some altars, a fountain, a grave.
    Level 3: <- You were here.
       A general store, a fountain.
       Final resting place for
          you, died of starvation, while fainted.


Vanquished creatures:
  a little dog
  2 floating eyes
  a kitten
  2 homunculi
  a kobold leader
  2 giant bats
  3 orc zombies
  a wererat
  2 iguanas
  2 acid blobs
  2 coyotes
  3 manes
  a giant rat
  a yellow mold
  a gnome zombie
  3 geckos
 12 jackals
  2 foxes
  2 kobolds
  3 goblins
  6 sewer rats
  7 grid bugs
  8 lichens
  3 kobold zombies
 13 newts
84 creatures vanquished.

No species were genocided or became extinct.

Game over:
                       ----------
                      /          \
                     /    REST    \
                    /      IN      \
                   /     PEACE      \
                  /                  \
                  |  BeardyHaddock   |
                  |      662 Au      |
                  |     died of      |
                  |    starvation    |
                  |                  |
                  |                  |
                  |       2026       |
                 *|     *  *  *      | *
        _________)/\\_//(\/(/\)/\//\/|_)_______

Goodbye BeardyHaddock the Archeologist...

You starved in The Dungeons of Doom on dungeon level 3 with 1162 points,
and 662 pieces of gold, after 4885 moves.
You were level 4 with a maximum of 35 hit points when you starved.

